 Dungeon Crawl Stone Soup version 0.24-a0-517-gd52e2fb918 (webtiles) character file.

Game seed: 1292249298242813130

823 Lavandula the Gouger (level 7, -2/30 HPs)
             Began as a Felid Warper on July 22, 2019.
             Killed from afar by an orc wizard (7 damage)
             ... with a magic dart
             ... on level 6 of the Dungeon.
             The game lasted 00:21:04 (6800 turns).

Lavandula the Gouger (Felid Warper)                 Turns: 6800, Time: 00:21:04

Health: -2/30      AC:  2    Str:  9    XL:     7   Next: 63%
Magic:  8/11       EV: 21    Int: 14    God:
Gold:   400        SH:  0    Dex: 16    Spells: 2/10 levels left
                                        Lives:  0   Deaths: 2

rFire    . . .     SeeInvis +     - Unarmed
rCold    . . .     Gourm    .   (shield unavailable)
rNeg     . . .     Faith    .   (armour unavailable)
rPois    .         Spirit   .   (helmet unavailable)
rElec    .         Reflect  .   (cloak unavailable)
rCorr    .         Harm     .   (gloves unavailable)
MR       +....                  (boots unavailable)
Stlth    ++........             (no amulet)
HPRegen  0.10/turn              (no ring)
MPRegen  0.12/turn              (no ring)

@: quick
A: very small, no armour, no weapons or thrown items, stealth, claws 1, fangs 3,
see invisible, carnivore, speed 1, shaggy fur 2, slow metabolism 1, sharp paws
a: no special abilities


You were on level 6 of the Dungeon.
You were very full.

You visited 1 branch of the dungeon, and saw 6 of its levels.
You also visited: Ossuary.

You collected 400 gold pieces.

Inventory:

Hand Weapons
 j - a +0 club
Jewellery
 e - an uncursed ring of ice
 q - an uncursed ring of ice
Wands
 f - a wand of acid (11)
 m - a wand of random effects (20)
 p - a wand of iceblast (3)
Scrolls
 a - 3 scrolls of enchant armour
 b - a scroll of blinking
 d - 4 scrolls of teleportation
 i - 2 scrolls of fear
 l - a scroll of remove curse {unknown}
 o - a scroll of enchant weapon {unknown}
 t - a scroll of vulnerability {unknown}
 u - a scroll of identify
 w - 3 scrolls of magic mapping {unknown}
Potions
 g - 2 potions of lignification
 h - 2 potions of curing
 k - 2 potions of flight {unknown}
 n - a potion of degeneration
 r - 2 potions of ambrosia
 s - 2 potions of might {unknown}
Comestibles
 c - 10 rations
 v - a chunk of flesh


   Skills:
 - Level 2.0 Fighting
 + Level 5.9 Dodging
 - Level 9.4 Unarmed Combat
 - Level 2.0 Spellcasting
 - Level 4.4 Translocations


You had 2 spell levels left.
You knew the following spells:

 Your Spells              Type           Power        Failure   Level  Hunger
a - Blink                 Tloc           N/A          6%          2    ###....
b - Shroud of Golubria    Chrm/Tloc      #.....       14%         2    ###....
c - Passage of Golubria   Tloc           N/A          36%         4    #####..

Your spell library contained the following spells:

 Spells                   Type           Power        Failure   Level  Hunger
 Gell's Gravitas          Tloc           ##........   12%         3    ####...
 Lesser Beckoning         Tloc           ##........   12%         3    ####...
 Teleport Other           Tloc           ##......     12%         3    ####...


Dungeon Overview and Level Annotations

Branches:
Dungeon (6/15)
 Temple: D:4-7

Altars:
Fedhas
Hepliaklqana
Makhleb
Okawaru
Ru
Sif Muna
Trog
Uskayaw
Vehumet
Wu Jian

Annotations:
D:2 1 runed translucent door, Crazy Yiuf
D:5 1 runed translucent door, DrClinical's ghost, amateur HONe


Innate Abilities, Weirdness & Mutations

You cannot wear armour.
You are incapable of wielding weapons or throwing items.
Your paws allow you to move quietly. (Stealth)
You have sharp claws.
You have razor-sharp teeth.
You have supernaturally acute eyesight. (SInv)
You are carnivorous and can eat meat at any time.
You cover ground quickly.
You are covered in thick fur. (AC +2)
You have a slow metabolism.
Your sharp claws are effective at attacking unaware monsters.


Message History

The orc wizard gestures at you while chanting.
The puff of flame hits you!
* * * LOW HITPOINT WARNING * * *
Casting: Shroud of Golubria (safe; 14% risk of failure)
Confirm with . or Enter, or press ? or * to list all spells.
Space distorts slightly along a thin shroud covering your body.
The orc wizard hits you with a +0 dagger.
* * * LOW HITPOINT WARNING * * *
Your shroud falls apart!
Unknown command.
Evoke which item? (* to show all) (? for menu, Esc to quit)
Aiming: Corrosive Bolt
Press: ? - help, Shift-Dir - straight line, f - orc wizard
Aim: an orc wizard, wielding a +0 dagger and wearing a +0 robe (severely wounded, slightly transparent)
The bolt of acid misses the orc wizard.
The bolt of acid hits the orc.
The orc is splashed with acid.
The acid corrodes the orc!
You kill the orc!
The orc wizard gestures at you while chanting.
The magic dart hits you!
You die...

....##......#...### ##>#
..................#####..##
....##.##.##......#..#....#
.....###...##.##..........###
..#.. #..###..#.....#......##
. ...##........###......#
...###...#....# #..##.##
..........##...# ##.#..##
.....#.##.ho@...####.....###
... ###..o####.##.........#
.....#.....####.....#......#
#........##.#....##...#..##
........#..##.....###..###...
.o.....###††........######...
..o.... ##..........###.....
....... #.......#....##....
.#..##. ###.....##).##...(#


You could see an orc wizard (invisible), an orc and a jackal.

Vanquished Creatures
  A hungry ghost (D:4)
  Menkaure (D:5)
  2 phantoms (D:5)
  An elf zombie (Ossuary)
  A crimson imp (D:6)
  A centaur zombie (Ossuary)
  2 hounds (D:4)
  2 human zombies (Ossuary)
  3 orc priests
  5 orc wizards
  An iguana (D:4)
  2 worker ants
  A mummy (Ossuary)
  7 adders
  2 shadow imps (D:5)
  2 oozes
  An adder skeleton (D:5)
  An adder zombie (Ossuary)
  3 worms
  4 dart slugs
  3 leopard geckos
  17 orcs
  2 giant cockroaches (D:5)
  3 goblins
  8 hobgoblins
  7 jackals
  4 quokkas
  3 ball pythons
  A ball python skeleton (D:4)
  A ball python zombie (D:5)
  10 bats
  5 frilled lizards
  A goblin zombie (D:5)
  8 hobgoblin zombies (Ossuary)
  A jackal skeleton (D:4)
  2 jackal zombies (Ossuary)
  4 kobolds
  13 kobold zombies (Ossuary)
  6 orc zombies (Ossuary)
  A quokka zombie (D:5)
  12 rats
  2 rat zombies
157 creatures vanquished.

Vanquished Creatures (others)
  A plant (D:4)
1 creature vanquished.

Grand Total: 158 creatures vanquished

Notes
Turn   | Place    | Note
-------+----------+-------------------------------------------
     0 | D:1      | Lavandula the Felid Warper began the quest for the Orb.
     0 | D:1      | Reached XP level 1. HP: 9/9 MP: 4/4
   375 | D:1      | Reached XP level 2. HP: 9/13 MP: 6/6
   520 | D:1      | Learned a level 2 spell: Blink
   523 | D:1      | Learned a level 2 spell: Shroud of Golubria
   550 | D:1      | Reached skill level 3 in Unarmed Combat
  1153 | D:2      | Reached XP level 3. HP: 10/16 MP: 4/7
  1407 | D:2      | Found a hazy altar of Hepliaklqana.
  1443 | D:2      | Reached skill level 4 in Unarmed Combat
  1549 | D:2      | Found a faded altar of an unknown god.
  1665 | D:2      | Found a bloodstained altar of Trog.
  1893 | D:2      | Found a deep blue altar of Sif Muna.
  2465 | D:2      | Reached XP level 4. HP: 19/19 MP: 5/8
  2610 | D:2      | Found a blossoming altar of Fedhas.
  2698 | D:2      | Found a runed translucent door.
  2699 | D:2      | Noticed Crazy Yiuf
  2831 | D:3      | Found an iron altar of Okawaru.
  2993 | D:3      | Found a radiant altar of Vehumet.
  3596 | D:3      | Reached skill level 5 in Unarmed Combat
  3862 | D:4      | Found a burning altar of Makhleb.
  3905 | D:4      | Reached XP level 5. HP: 19/22 MP: 9/9
  3956 | D:4      | Slain by an orc
  3957 | D:4      | Reached XP level 4. HP: 0/19 MP: 7/8
  4344 | D:4      | Reached skill level 6 in Unarmed Combat
  4358 | D:4      | Reached XP level 5. HP: 15/22 MP: 3/9
  4484 | D:5      | Entered Level 5 of the Dungeon
  4484 | D:5      | Found a runed translucent door.
  4484 | D:5      | Noticed a phantom
  4508 | D:5      | Killed a phantom
  4509 | D:5      | Noticed Menkaure
  4521 | D:5      | Killed Menkaure
  4521 | D:5      | Reached skill level 7 in Unarmed Combat
  4521 | D:5      | Gained mutation: You are covered in thick fur. (AC +2)
                  | [Felid growth]
  4521 | D:5      | Reached XP level 6. HP: 19/26 MP: 3/10
  4526 | D:5      | Noticed DrClinical's ghost (amateur HONe)
  4546 | D:5      | Learned a level 4 spell: Passage of Golubria
  4593 | D:5      | Found a sacrificial altar of Ru.
  4870 | D:5      | Found a sand-covered staircase.
  4877 | Ossuary  | Entered an ossuary
  5252 | Ossuary  | Reached skill level 8 in Unarmed Combat
  5272 | Ossuary  | Reached XP level 7. HP: 9/30 MP: 5/11
  5598 | D:5      | Killed from afar by an orc wizard
  5599 | D:5      | Reached XP level 6. HP: -1/26 MP: 10/10
  5922 | D:4      | Noticed a hungry ghost
  5924 | D:4      | Reached skill level 9 in Unarmed Combat
  5937 | D:4      | Killed a hungry ghost
  5937 | D:4      | Reached XP level 7. HP: 29/30 MP: 11/11
  6142 | D:5      | Found an ornate altar of the Wu Jian Council.
  6177 | D:5      | Found a hide-covered altar of Uskayaw.
  6321 | D:5      | Reached skill level 5 in Dodging
  6800 | D:6      | Killed from afar by an orc wizard

Levels and vault maps discovered:
D:1:      ncdulo_wetmaze, layout_loops_ring, hangedman_abyss_or_decor_stabs,
          grunt_decor_arrowhead, hangedman_decor_clover_reticule,
          roderic_malta_cross, hangedman_decor_push
D:2:      layout_loops_ring, lemuel_coloured_pillars_altar,
          grunt_temple_overflow_open, chequers_ecumenical_altar_island,
          first_ration, uniq_crazy_yiuf_cottage
D:3:      layout_loops_corners, overflow_temple_1_default, okawaru_trees_1
D:4:      layout_basic, kennysheep_little_box, serial_bayou,
          serial_bayou_pond_d, serial_bayou_lagoon_a, serial_bayou_shore_b,
          serial_bayou_pond_b
D:5:      layout_basic, lemuel_doored_altar,
          nicolae_ru_great_annihilating_truth, kennysheep_mini_moat,
          ebering_ghost_reflecting_pool, enter_ossuary_4,
          kennysheep_generic_room_14, uniq_menkaure
D:6:      layout_cave_pools, temple_hall, uniq_edmund

Skill      XL: |  1  2  3  4  5  6  7 |
---------------+----------------------+-----
Unarmed Combat | 3 4 6 7 9 |  9.4
Dodging        | 5 |  5.9
Fighting       | |  2.0
Spellcasting   | |  2.0
Translocations | |  4.4

Action                   |  1- 3 |  4- 6 |  7- 9 || total
-------------------------+-------+-------+-------++-------
Melee: Unarmed           |   145 |   310 |   104 ||   559
       Bite              |    10 |    25 |     9 ||    44
       Punch             |     3 |     9 |     8 ||    20
 Cast: Shroud of Golubri |    13 |    30 |    12 ||    55
       Blink             |       |     4 |       ||     4
Evoke: Wand              |       |     5 |     2 ||     7
  Use: Potion            |       |     5 |       ||     5
       Scroll            |       |       |     5 ||     5
 Stab: Sleeping          |     3 |     7 |     2 ||    12
       Invisible         |       |     1 |       ||     1
       Paralysed         |       |     1 |       ||     1
  Eat: Chunk             |    10 |    19 |     7 ||    36
Armor: Skin              |    14 |     9 |     2 ||    25
Dodge: Dodged            |   120 |   196 |    69 ||   385

Table legend:
 A = Non-vault XP
 B = Vault XP
 C = Vault XP percentage of total XP
 D = Non-vault monster count
 E = Vault monster count
 F = Vault count percentage of total count
                 A         B        C        D         E       F
            +---------+---------+-------+---------+---------+-------
      Total |    1199 |     559 |  31.8 |     111 |      46 |  29.3
            +---------+---------+-------+---------+---------+-------
        D:1 |      38 |       0 |   0.0 |      21 |       0 |   0.0
        D:2 |      75 |       0 |   0.0 |      28 |       0 |   0.0
        D:3 |      56 |       0 |   0.0 |      15 |       0 |   0.0
        D:4 |     455 |       3 |   0.7 |      21 |       1 |   4.5
        D:5 |     490 |     274 |  35.9 |      16 |       9 |  36.0
        D:6 |      85 |       0 |   0.0 |      10 |       0 |   0.0
    Ossuary |       0 |     282 | 100.0 |       0 |      36 | 100.0
            +---------+---------+-------+---------+---------+-------
